 Dungeon Crawl Stone Soup version 0.18-a0-1782-gb76a692 (webtiles) character file.

216 namelastname112 the Conjurer (level 5, -1/38 HPs)
             Began as a Draconian Conjurer on Apr 17, 2016.
             Slain by Menkaure (21 damage)
             ... on level 4 of the Dungeon.
             The game lasted 00:03:57 (2727 turns).

namelastname112 the Conjurer (Draconian Conjurer)   Turns: 2727, Time: 00:03:58

Health: -1/38      AC:  5    Str: 10    XL:     5   Next: 61%
Magic:  3/10       EV: 12    Int: 16    God:
Gold:   81         SH:  0    Dex: 12    Spells: 3 memorised, 3 levels left

rFire  . . .     SeeInvis .     e - +1 short sword (drain)
rCold  . . .     Gourm    .     (armour unavailable)
rNeg   . . .     Faith    .     (no shield)
rPois  .         Spirit   .     (helmet restricted)
rElec  .         Dismiss  .     (no cloak)
rCorr  .         Reflect  .     (no gloves)
SustAt .         Harm     .     (no boots)
MR     .....                    (no amulet)
Stlth  ++........               (no ring)
                                (no ring)

@: very slightly contaminated, not resistant to hostile enchantments, unstealthy
A: unfitting armour, cold-blooded, AC +5
a: no special abilities


You were on level 4 of the Dungeon.
You were not hungry.

You visited 1 branch of the dungeon, and saw 4 of its levels.

You collected 81 gold pieces.

Inventory:

Hand Weapons
 e - a +1 short sword of draining (weapon)
Missiles
 p - 3 curare-tipped needles
Rods
 q - a -2 lightning rod (9/9)
   (You found it on level 2 of the Dungeon)
Wands
 v - a wand of random effects (27/48)
Scrolls
 c - a scroll of enchant armour {unknown}
 g - 2 scrolls of immolation {unknown}
 h - 2 scrolls of fog {unknown}
 j - 4 scrolls of identify {unknown}
 k - a scroll of amnesia {unknown}
 r - a scroll of noise {unknown}
 s - a scroll of teleportation {unknown}
 u - 2 scrolls of remove curse {unknown}
Potions
 d - a potion of heal wounds {unknown}
 l - 2 potions of lignification {unknown}
 m - a potion of brilliance {unknown}
 n - 2 potions of might {unknown}
 o - a potion of degeneration {unknown}
 t - a potion of flight {unknown}
 x - a potion of cancellation {unknown}
Books
 a - a book of Conjurations

   Spells                             Type                      Level
   a - Magic Dart                     Conjuration                  1
   b - Searing Ray                    Conjuration                  2
   c - Dazzling Spray                 Conjuration/Hexes            3
   d - Fulminant Prism                Conjuration/Hexes            4
   e - Iskenderun's Mystic Blast      Conjuration                  4
   f - Iskenderun's Battlesphere      Conjuration/Charms           5
Comestibles
 b - 3 bread rations
 f - a meat ration
 i - 4 beef jerkies
 w - a chunk of flesh


   Skills:
 - Level 1.7 Dodging
 - Level 1.7 Stealth
 + Level 3.8 Spellcasting
 + Level 5.7 Conjurations
 + Level 1.0 Charms


You had 3 spell levels left.
You knew the following spells:

 Your Spells              Type           Power        Failure   Level  Hunger
a - Iskenderun's Battles  Conj/Chrm      ##......     96%         5    ######.
x - Searing Ray           Conj           ###...       2%          2    ##.....
z - Magic Dart            Conj           ###.         1%          1    None


Dungeon Overview and Level Annotations

Branches:
Dungeon (4/15)
 Temple: D:4-7

Altars:
Fedhas
Nemelex Xobeh
Pakellas

Annotations:
D:4 Menkaure


Innate Abilities, Weirdness & Mutations

Your plain brown scales are hard (AC +5).
Your body does not fit into most forms of armour.
You are cold-blooded and may be slowed by cold attacks.


Message History

Menkaure is almost destroyed.
Menkaure closely misses you.
You now have 5/10 mp.
Casting: Searing Ray
Confirm with . or Enter, or press ? or * to list all spells.
Aiming: Searing Ray
Press: ? - help, Shift-Dir - straight line, f/p - Menkaure
Aim: Menkaure (almost destroyed)
You miscast Searing Ray.
You are very lightly contaminated with residual magic.
The air around you crackles with energy!
Menkaure mumbles some strange words.
Menkaure seems to speed up.
You now have 3/10 mp.
Menkaure calls on the powers of darkness!
Your body is wracked with pain!
You take 18 damage, and have 20/38 hp.
MASSIVE DAMAGE!!
Menkaure hits you!!
Ouch! That really hurt!
You die...

..........(..#.......
.............#....###
...##..###.###...##.
###'###.###...##.
#...#....#.......
#...#....'.......
##.###..####..###
####.###..####..###
#.@................
#.M................
#.....)............
##.................
#...#########.....
....##.....##..###
#.....+.....##'####
#.....#..(.........
#.....##.....


You could see Menkaure.

Vanquished Creatures
  A hound (D:4)
  An iguana (D:4)
  3 gnolls (D:3)
  3 adders
  2 oozes
  3 worms
  4 dart slugs
  A giant gecko (D:1)
  2 orcs
  A ball python (D:1)
  7 giant cockroaches
  2 goblins
  17 hobgoblins
  3 jackals (D:2)
  8 kobolds
  A quokka (D:2)
  7 bats
  6 giant newts
  A quokka skeleton (D:4)
  3 rats
76 creatures vanquished.

Notes
Turn   | Place    | Note
--------------------------------------------------------------
     0 | D:1      | namelastname112 the Draconian Conjurer began the quest for the Orb.
     0 | D:1      | Reached XP level 1. HP: 14/14 MP: 3/3
   140 | D:1      | Reached XP level 2. HP: 10/20 MP: 0/5
   194 | D:1      | Learned a level 2 spell: Searing Ray
   550 | D:1      | Reached XP level 3. HP: 25/26 MP: 0/7
  1247 | D:2      | Reached XP level 4. HP: 27/33 MP: 5/8
  1413 | D:2      | Reached skill level 5 in Conjurations
  2056 | D:3      | Found an oddly glowing altar of Pakellas.
  2208 | D:3      | Reached XP level 5. HP: 38/38 MP: 7/10
  2239 | D:3      | Learned a level 5 spell: Iskenderun's Battlesphere
  2418 | D:3      | Found a blossoming altar of Fedhas.
  2577 | D:4      | Found a sparkling altar of Nemelex Xobeh.
  2615 | D:4      | Reached skill level 1 in Charms
  2718 | D:4      | Noticed Menkaure
  2727 | D:4      | Slain by Menkaure

Vault maps used:
D:1:      minmay_arrival_loop
D:3:      old_standard_altar, fedhas_altar_4
D:4:      kennysheep_mini_moat, first_bread, small_statue_intersection,
          minivault_26, nicolae_qazlal_eye_of_the_storm, uniq_menkaure

Skill      XL: |  1  2  3  4  5 |
---------------+----------------+-----
Spellcasting   | 3 |  3.8
Conjurations   | 5 |  5.7
Charms         | 1 |  1.0
Dodging        | |  1.7
Stealth        | |  1.7

Action                   |  1- 3 |  4- 6 || total
-------------------------+-------+-------++-------
Melee: Unarmed           |    18 |       ||    18
       Short sword       |    40 |    15 ||    55
       Tailslap          |     3 |     2 ||     5
 Cast: Magic Dart        |    54 |    70 ||   124
       Searing Ray       |     1 |     4 ||     5
  Eat: Chunk             |     2 |     4 ||     6
Armor: Skin              |    16 |     3 ||    19
Dodge: Dodged            |    34 |    25 ||    59
